Jets vs Oilers
(R1)
Created - October 27, 2024 at 19:52
Goals
|
| Jets |
1 |
2 |
2 |
5 |
| Oilers |
0 |
0 |
3 |
3 |
|
Shots
|
| Jets |
4 |
16 |
5 |
25 |
| Oilers |
8 |
3 |
14 |
25 |
|
1st period
1. Jets , Alex Galchenyuk 4 (Tyler Seguin 2, Ryan Johansen 4) at 0:35 (PP)
Penalties :
Darnell Nurse (Edm) for Slashing (Minor) at 0:22, Dougie Hamilton (Win) for Roughing (Double Minor) at 5:51, Tyler Toffoli (Win) for Hooking (Minor) at 11:02
2nd period
2. Jets , Dougie Hamilton 1 (Tyler Toffoli 3, Max Domi 4) at 10:23 (PP)
3. Jets , Tyler Seguin 2 (Ryan Johansen 5, Alex Galchenyuk 2) at 12:00 (PP)
Penalties :
Tyler Johnson (Edm) for Roughing (Double Minor) at 3:02, Connor McDavid (Edm) for Slashing (Minor) at 9:45, Connor McDavid (Edm) for Roughing (Minor) at 10:42, Brent Seabrook (Edm) for Interference (Minor) at 12:49
3rd period
4. Jets , Kyle Connor 2 (Frank Vatrano 2, Troy Stetcher 4) at 3:21
5. Oilers , Tyler Johnson 2 (Mitch Marner 2) at 3:53
6. Oilers , Tyler Johnson 3 (Jason Robertson 3, Marcus Pettersson 2) at 6:46
7. Oilers , Noel Acciari 1 (Greg Stewart 1, Jamie McBain 2) at 14:48
8. Jets , Jeff Carter 1 (Frank Vatrano 3, Tyler Seguin 3) at 15:43
Penalties :
Ryan Murray (Win) for Diving (Minor) at 0:52, Troy Stetcher (Win) for Tripping (Minor) at 8:29, Adam Gaudette (Edm) for Slashing (Minor) at 16:44
Goalie Stats
Jacob Markstrom (Win), 22 saves from 25 shots - (0.880), W, 3-1-0, 60:00 minutes
Carter Hart (Edm), 20 saves from 25 shots - (0.800), L, 1-2-1, 60:00 minutes
Players Stats for Jets
Player Name G A P +/- PIM S H SB GA TA FO MP PP MP PK MP
------------------------------------------------------------------------------------
Adam Larsson 0 0 0 -1 0 1 1 1 0 1 0/0 21:58 0:20 4:53
Alex Galchenyuk 1 1 2 0 0 3 0 1 3 0 0/1 21:46 5:27 2:37
Anthony Mantha 0 0 0 -1 0 2 3 0 0 0 0/0 20:15 6:51 4:27
Dougie Hamilton 1 0 1 -1 4 3 0 0 0 0 0/0 27:01 6:51 2:55
Dylan Strome 0 0 0 -1 0 1 0 0 0 1 2/5 11:20 0:06 2:09
Erik Cernak 0 0 0 2 0 0 0 0 0 1 0/0 13:23 0:00 3:30
Frank Vatrano 0 2 2 2 0 0 0 0 0 0 0/0 11:06 0:41 3:33
Jeff Carter 1 0 1 2 0 1 2 0 0 0 1/2 7:59 0:35 0:05
Kyle Connor 1 0 1 2 0 1 0 0 1 0 0/0 7:11 0:36 0:00
Max Domi 0 1 1 -2 0 1 3 0 0 0 7/12 14:22 4:03 0:00
Mirco Mueller 0 0 0 2 0 0 0 0 0 0 0/0 11:04 0:20 0:51
Nino Niederreiter 0 0 0 -2 0 1 1 1 0 0 0/1 17:17 4:03 3:02
Ryan Johansen 0 2 2 0 0 3 1 0 2 0 19/30 18:54 5:22 0:00
Ryan Murray 0 0 0 -2 2 1 3 0 0 0 0/0 19:21 2:55 3:38
Sam Reinhart 0 0 0 -1 0 0 0 0 0 0 0/1 9:39 0:00 0:00
Troy Stetcher 0 1 1 -2 2 0 1 0 0 0 0/0 19:20 2:55 3:28
Tyler Seguin 1 2 3 0 0 6 2 1 0 2 3/5 23:34 5:22 4:36
Tyler Toffoli 0 1 1 -2 2 1 0 0 0 0 0/0 14:30 4:03 0:00
Players Stats for Oilers
Player Name G A P +/- PIM S H SB GA TA FO MP PP MP PK MP
------------------------------------------------------------------------------------
Adam Gaudette 0 0 0 0 2 0 2 1 0 0 1/2 17:42 4:13 0:00
Andrew Mangiapane 0 0 0 0 0 0 0 0 0 0 0/0 6:40 0:44 0:00
Brent Burns 0 0 0 0 0 0 1 0 0 1 0/0 13:29 0:08 1:35
Brent Seabrook 0 0 0 1 2 2 1 0 0 0 0/0 17:58 3:46 2:01
Christian Fischer 0 0 0 -1 0 3 1 0 0 0 0/1 10:28 0:00 0:00
Connor McDavid 0 0 0 0 4 0 3 0 2 0 9/21 20:36 4:59 1:41
Darnell Nurse 0 0 0 0 2 0 3 1 0 2 0/0 28:46 6:02 6:17
Frederik Gauthier 0 0 0 -1 0 2 1 0 1 0 3/7 12:28 0:44 1:05
Greg Stewart 0 1 1 0 0 0 2 0 0 0 1/4 11:24 0:47 4:22
Jamie Benn 0 0 0 -1 0 2 3 0 0 0 0/0 12:11 0:00 1:03
Jamie McBain 0 1 1 1 0 2 3 0 0 2 0/0 24:28 6:02 6:30
Jason Robertson 0 1 1 2 0 1 0 1 0 0 0/0 14:23 4:56 0:00
Leon Draisaitl 0 0 0 0 0 4 1 0 2 0 0/0 23:10 4:13 5:46
Marcus Pettersson 0 1 1 1 0 2 0 1 0 1 0/0 23:38 3:46 3:09
Mitch Marner 0 1 1 2 0 2 1 0 0 0 2/2 14:26 4:59 0:00
Noel Acciari 1 0 1 0 0 1 0 0 0 0 1/3 8:28 0:00 2:34
Philippe Myers 0 0 0 -1 0 0 0 0 0 0 0/0 12:07 0:08 0:40
Tyler Johnson 2 0 2 2 4 4 2 0 0 0 8/17 17:26 4:13 3:41
3 Stars
1 - Tyler Seguin (Win)
2 - Jeff Carter (Win)
3 - Tyler Johnson (Edm)
Power Play
Jets - 3 on 7 Attempt(s) - 42.86%
Oilers - 0 on 5 Attempt(s) - 0.00%
Penalty Kill
Jets - 5 on 5 Attempt(s) - 100.00%
- Score 0 goal in Penalty Kill
Oilers - 4 on 7 Attempt(s) - 57.14%
- Score 0 goal in Penalty Kill
Team Stat
Jets - Hits : 17 - Faceoff Wins : 32 - Blocked Shots : 4 - Penalty Minutes : 10
Oilers - Hits : 24 - Faceoff Wins : 25 - Blocked Shots : 4 - Penalty Minutes : 14
Official
Referees : Wes McCauley and Frederick L'Ecuyer
Linesman : Kory Nagy and Bryan Pancich
Game Notes
No Game Note
Finance
Level 1 -- Attendance: 5947 (99.12%) -- Ticket Income $594,700
Level 2 -- Attendance: 4611 (92.22%) -- Ticket Income $322,770
Level 3 -- Attendance: 2000 (100.00%) -- Ticket Income $80,000
Level 4 -- Attendance: 4000 (100.00%) -- Ticket Income $120,000
Luxury Box -- Attendance: 951 (95.10%) -- Ticket Income $190,200
Game was played at the Rodgers Place.
Total Attendance: 17509 (97.27%)
Total Ticket Income: $1,307,670
Other Income: $196,150
Total Income: $1,503,820
Jets
5 vs 5 Forward
Center Left Wing Right Wing Time % Phy DF OF
1 Ryan Johansen Alex Galchenyuk Tyler Seguin 35 1 2 2
2 Max Domi Nino Niederreiter Tyler Toffoli 30 1 2 2
3 Dylan Strome Anthony Mantha Sam Reinhart 25 1 2 2
4 Jeff Carter Kyle Connor Frank Vatrano 10 1 2 2
5 vs 5 Defense
Defense Defense Time % Phy DF OF
1 Dougie Hamilton Adam Larsson 40 1 2 2
2 Ryan Murray Troy Stetcher 30 1 2 2
3 Mirco Mueller Erik Cernak 20 1 2 2
4 Dougie Hamilton Adam Larsson 10 1 2 2
PowerPlay Forward
Center Left Wing Right Wing Time % Phy DF OF
1 Ryan Johansen Alex Galchenyuk Tyler Seguin 60 1 2 2
2 Max Domi Nino Niederreiter Tyler Toffoli 40 1 2 2
PowerPlay Defense
Defense Defense Time % Phy DF OF
1 Dougie Hamilton Anthony Mantha 60 1 2 2
2 Ryan Murray Troy Stetcher 40 1 2 2
Penalty Kill 4 Players Forward
Center Wing Time % Phy DF OF
1 Tyler Seguin Anthony Mantha 60 1 2 2
2 Nino Niederreiter Frank Vatrano 40 1 2 2
Penalty Kill 4 Players Defense
Defense Defense Time % Phy DF OF
1 Dougie Hamilton Adam Larsson 60 1 2 2
2 Ryan Murray Troy Stetcher 40 1 2 2
Penalty Kill - 3 Players Forward
Forward Time % Phy DF OF
1 Anthony Mantha 60 1 2 2
2 Frank Vatrano 40 1 2 2
Penalty Kill - 3 Players Defense
Defense Defense Time % Phy DF OF
1 Dougie Hamilton Adam Larsson 60 1 2 2
2 Ryan Murray Troy Stetcher 40 1 2 2
4 vs 4 Forward
Center Wing Time % Phy DF OF
1 Ryan Johansen Tyler Seguin 60 1 2 2
2 Nino Niederreiter Alex Galchenyuk 40 1 2 2
4 vs 4 Defense
Defense Defense Time % Phy DF OF
1 Dougie Hamilton Adam Larsson 60 1 2 2
2 Ryan Murray Troy Stetcher 40 1 2 2
Last Minutes Offensive
Center Left Wing Right Wing Defense Defense
Ryan Johansen Alex Galchenyuk Tyler Seguin Dougie Hamilton Adam Larsson
Last Minutes Defensive
Center Left Wing Right Wing Defense Defense
Ryan Johansen Alex Galchenyuk Tyler Seguin Dougie Hamilton Adam Larsson
Goaltenders
Starting : Jacob Markstrom
Backup : Elvis Merzlikins
Extra Forwards
Normal : Anthony Mantha, Jeff Carter, Frank Vatrano - PP : Anthony Mantha, Jeff Carter - PK : Frank Vatrano
Extra Defensemen
Normal : Mirco Mueller, Erik Cernak, Ryan Murray - PP : Mirco Mueller - PK : Erik Cernak, Ryan Murray
Penalty Shots
Alex Galchenyuk, Tyler Seguin, Nino Niederreiter, Ryan Johansen, Tyler Toffoli
Custom OT Lines Forwards
Alex Galchenyuk, Tyler Seguin, Nino Niederreiter, Ryan Johansen, Tyler Toffoli, Max Domi, Anthony Mantha, Jeff Carter, Frank Vatrano, Dylan Strome
Custom OT Lines Defensemen
Dougie Hamilton, Adam Larsson, Ryan Murray, Troy Stetcher, Mirco Mueller
Scratches
None
Oilers
5 vs 5 Forward
Center Left Wing Right Wing Time % Phy DF OF
1 Connor McDavid Leon Draisaitl Adam Gaudette 35 1 2 2
2 Tyler Johnson Jason Robertson Mitch Marner 30 1 2 2
3 Frederik Gauthier Jamie Benn Christian Fischer 25 1 2 2
4 Noel Acciari Greg Stewart Andrew Mangiapane 10 1 2 2
5 vs 5 Defense
Defense Defense Time % Phy DF OF
1 Darnell Nurse Marcus Pettersson 40 1 2 2
2 Brent Seabrook Jamie McBain 30 1 2 2
3 Brent Burns Philippe Myers 20 1 2 2
4 Darnell Nurse Jamie McBain 10 1 2 2
PowerPlay Forward
Center Left Wing Right Wing Time % Phy DF OF
1 Connor McDavid Jason Robertson Mitch Marner 60 1 2 2
2 Tyler Johnson Leon Draisaitl Adam Gaudette 40 1 2 2
PowerPlay Defense
Defense Defense Time % Phy DF OF
1 Darnell Nurse Jamie McBain 60 1 2 2
2 Brent Seabrook Marcus Pettersson 40 1 2 2
Penalty Kill 4 Players Forward
Center Wing Time % Phy DF OF
1 Tyler Johnson Leon Draisaitl 60 1 4 0
2 Noel Acciari Greg Stewart 40 1 4 0
Penalty Kill 4 Players Defense
Defense Defense Time % Phy DF OF
1 Darnell Nurse Jamie McBain 60 0 5 0
2 Brent Seabrook Marcus Pettersson 40 0 5 0
Penalty Kill - 3 Players Forward
Forward Time % Phy DF OF
1 Noel Acciari 60 0 5 0
2 Tyler Johnson 40 0 5 0
Penalty Kill - 3 Players Defense
Defense Defense Time % Phy DF OF
1 Darnell Nurse Jamie McBain 60 0 5 0
2 Brent Seabrook Marcus Pettersson 40 0 5 0
4 vs 4 Forward
Center Wing Time % Phy DF OF
1 Connor McDavid Leon Draisaitl 60 1 2 2
2 Tyler Johnson Greg Stewart 40 1 2 2
4 vs 4 Defense
Defense Defense Time % Phy DF OF
1 Darnell Nurse Jamie McBain 60 1 2 2
2 Brent Seabrook Marcus Pettersson 40 1 2 2
Last Minutes Offensive
Center Left Wing Right Wing Defense Defense
Connor McDavid Leon Draisaitl Mitch Marner Darnell Nurse Jamie McBain
Last Minutes Defensive
Center Left Wing Right Wing Defense Defense
Connor McDavid Leon Draisaitl Mitch Marner Darnell Nurse Jamie McBain
Goaltenders
Starting : Carter Hart
Backup : Jaroslav Halak
Extra Forwards
Normal : Greg Stewart, Frederik Gauthier, Jamie Benn - PP : Greg Stewart, Frederik Gauthier - PK : Greg Stewart
Extra Defensemen
Normal : Marcus Pettersson, Brent Burns, Philippe Myers - PP : Marcus Pettersson - PK : Marcus Pettersson, Brent Burns
Penalty Shots
Connor McDavid, Tyler Johnson, Leon Draisaitl, Mitch Marner, Greg Stewart
Custom OT Lines Forwards
Connor McDavid, Tyler Johnson, Leon Draisaitl, Mitch Marner, Greg Stewart, Frederik Gauthier, Jamie Benn, Adam Gaudette, Noel Acciari, Andrew Mangiapane
Custom OT Lines Defensemen
Darnell Nurse, Jamie McBain, Brent Seabrook, Marcus Pettersson, Brent Burns
Scratches
Anton Slepyshev (Healthy), Brett Lernout (Healthy)
% Time on Ice - Jets
Lines # - Real PCT - Wanted PCT - Time Play
Normal Forward
1 - 36% - 35% - 14:20
2 - 26% - 30% - 10:28
3 - 23% - 25% - 9:05
4 - 15% - 10% - 6:05
Normal Defense
1 - 42% - 40% - 16:41
2 - 32% - 30% - 12:55
3 - 24% - 20% - 9:29
4 - 2% - 10% - 0:53
PP Forward
1 - 60% - 60% - 6:03
2 - 40% - 40% - 4:03
PP Defense
1 - 71% - 60% - 7:11
2 - 29% - 40% - 2:55
PK Forward
1 - 69% - 60% - 6:54
2 - 31% - 40% - 3:02
PK Defense
1 - 56% - 60% - 5:31
2 - 44% - 40% - 4:25
PK3 Forward
1 - 0% - 60%
2 - 0% - 40%
PK3 Defense
1 - 0% - 60%
2 - 0% - 40%
44 Forward
1 - 0% - 60%
2 - 0% - 40%
44 Defense
1 - 0% - 60%
2 - 0% - 40%
Last Minute Offensive - 0:00
Last Minute Defensive - 0:00
Total
Forward - 60:00
Defense - 60:00
|
% Time on Ice - Oilers
Lines # - Real PCT - Wanted PCT - Time Play
Normal Forward
1 - 35% - 35% - 14:05
2 - 24% - 30% - 9:32
3 - 26% - 25% - 10:28
4 - 15% - 10% - 5:53
Normal Defense
1 - 38% - 40% - 15:21
2 - 30% - 30% - 12:04
3 - 27% - 20% - 10:53
4 - 4% - 10% - 1:40
PP Forward
1 - 54% - 60% - 5:19
2 - 46% - 40% - 4:37
PP Defense
1 - 61% - 60% - 6:02
2 - 39% - 40% - 3:54
PK Forward
1 - 79% - 60% - 7:57
2 - 21% - 40% - 2:09
PK Defense
1 - 64% - 60% - 6:30
2 - 36% - 40% - 3:36
PK3 Forward
1 - 0% - 60%
2 - 0% - 40%
PK3 Defense
1 - 0% - 60%
2 - 0% - 40%
44 Forward
1 - 0% - 60%
2 - 0% - 40%
44 Defense
1 - 0% - 60%
2 - 0% - 40%
Last Minute Offensive - 0:00
Last Minute Defensive - 0:00
Total
Forward - 60:00
Defense - 60:00
|
Play-by-Play
1st period
0:01 of 1st period - Connor McDavid wins face-off versus Ryan Johansen in neutral zone.
0:22 of 1st period - Minor Penalty to Darnell Nurse for Slashing.
0:23 of 1st period - Ryan Johansen wins face-off versus Tyler Johnson in Oilers zone.
0:26 of 1st period - Slapshot by Alex Galchenyuk.
0:26 of 1st period - Shot Blocked by Marcus Pettersson.
0:28 of 1st period - Wrist shot by Anthony Mantha.
0:28 of 1st period - Stopped by Carter Hart without a rebound.
0:29 of 1st period - Ryan Johansen wins face-off versus Tyler Johnson in Oilers zone.
0:35 of 1st period - Snap shot by Alex Galchenyuk.
0:35 of 1st period - Goal by Alex Galchenyuk - Jets : 1 - Oilers : 0.
0:36 of 1st period - Tyler Johnson wins face-off versus Sam Reinhart in neutral zone.
0:41 of 1st period - Wrist shot by Tyler Johnson.
0:41 of 1st period - Stopped by Jacob Markstrom without a rebound.
0:42 of 1st period - Tyler Johnson wins face-off versus Dylan Strome in Jets zone.
0:59 of 1st period - Snap shot by Anthony Mantha.
0:59 of 1st period - Stopped by Carter Hart without a rebound.
1:00 of 1st period - Max Domi wins face-off versus Frederik Gauthier in Oilers zone.
1:27 of 1st period - Greg Stewart is hit by Ryan Johansen and loses puck.
2:20 of 1st period - Wrist shot by Jason Robertson.
2:20 of 1st period - Stopped by Jacob Markstrom without a rebound.
2:21 of 1st period - Max Domi wins face-off versus Christian Fischer in Jets zone.
2:56 of 1st period - Brent Burns is hit by Troy Stetcher.
3:38 of 1st period - Troy Stetcher is hit by Greg Stewart and loses puck.
3:56 of 1st period - Off-side.
3:57 of 1st period - Ryan Johansen wins face-off versus Connor McDavid in neutral zone.
4:49 of 1st period - Snap shot by Dylan Strome.
4:49 of 1st period - Stopped by Carter Hart without a rebound.
4:50 of 1st period - Dylan Strome wins face-off versus Frederik Gauthier in Oilers zone.
5:03 of 1st period - Wrist shot by Christian Fischer.
5:03 of 1st period - Stopped by Jacob Markstrom without a rebound.
5:04 of 1st period - Ryan Johansen wins face-off versus Connor McDavid in Jets zone.
5:40 of 1st period - Wrist shot by Mitch Marner.
5:40 of 1st period - Stopped by Jacob Markstrom without a rebound.
5:41 of 1st period - Adam Gaudette wins face-off versus Dylan Strome in Jets zone.
5:51 of 1st period - Double Minor Penalty to Dougie Hamilton for Roughing.
5:52 of 1st period - Mitch Marner wins face-off versus Tyler Seguin in Jets zone.
7:20 of 1st period - Frank Vatrano is hit by Jamie McBain and loses puck.
8:00 of 1st period - Alex Galchenyuk is hit by Darnell Nurse and loses puck.
9:03 of 1st period - Jamie McBain is hit by Tyler Seguin and loses puck.
9:14 of 1st period - Mirco Mueller is hit by Mitch Marner and loses puck.
9:51 of 1st period - Penalty to Dougie Hamilton is over, Dougie Hamilton is back on ice.
10:14 of 1st period - Adam Larsson is hit by Greg Stewart and loses puck.
10:56 of 1st period - Greg Stewart is hit by Max Domi.
11:02 of 1st period - Minor Penalty to Tyler Toffoli for Hooking.
11:03 of 1st period - Connor McDavid wins face-off versus Tyler Seguin in Jets zone.
13:02 of 1st period - Penalty to Tyler Toffoli is over, Tyler Toffoli is back on ice.
13:10 of 1st period - Slapshot by Jamie McBain.
13:10 of 1st period - Stopped by Jacob Markstrom without a rebound.
13:11 of 1st period - Ryan Johansen wins face-off versus Frederik Gauthier in Jets zone.
14:20 of 1st period - Snap shot by Noel Acciari.
14:20 of 1st period - Shot Blocked by Nino Niederreiter.
15:36 of 1st period - Leon Draisaitl is hit by Ryan Murray and loses puck.
15:57 of 1st period - Erik Cernak is hit by Tyler Johnson and loses puck.
16:57 of 1st period - Leon Draisaitl is hit by Tyler Seguin and loses puck.
19:05 of 1st period - Wrist shot by Jamie Benn.
19:05 of 1st period - Stopped by Jacob Markstrom with a rebound.
19:11 of 1st period - Snap shot by Frederik Gauthier.
19:11 of 1st period - Stopped by Jacob Markstrom with a rebound.
19:13 of 1st period - Slapshot by Brent Seabrook.
19:13 of 1st period - Stopped by Jacob Markstrom without a rebound.
19:14 of 1st period - Connor McDavid wins face-off versus Ryan Johansen in Jets zone.
19:46 of 1st period - Snap shot by Troy Stetcher.
19:46 of 1st period - Shot Misses the Net.
Goals for this period are 1 for Jets vs 0 for Oilers.
Shots for this period are 4 for Jets vs 8 for Oilers.
2nd period
0:01 of 2nd period - Tyler Seguin wins face-off versus Connor McDavid in neutral zone.
0:04 of 2nd period - Wrist shot by Dougie Hamilton.
0:04 of 2nd period - Stopped by Carter Hart with a rebound.
0:10 of 2nd period - Alex Galchenyuk is hit by Connor McDavid.
0:57 of 2nd period - Snap shot by Christian Fischer.
0:57 of 2nd period - Stopped by Jacob Markstrom with a rebound.
2:13 of 2nd period - Wrist shot by Connor McDavid.
2:13 of 2nd period - Shot Misses the Net.
2:38 of 2nd period - Snap shot by Alex Galchenyuk.
2:38 of 2nd period - Stopped by Carter Hart without a rebound.
2:39 of 2nd period - Ryan Johansen wins face-off versus Tyler Johnson in Oilers zone.
3:02 of 2nd period - Double Minor Penalty to Tyler Johnson for Roughing.
3:03 of 2nd period - Ryan Johansen wins face-off versus Greg Stewart in Oilers zone.
3:20 of 2nd period - Snap shot by Ryan Johansen.
3:20 of 2nd period - Deflect By Alex Galchenyuk.
3:20 of 2nd period - Shot Blocked by Darnell Nurse.
3:20 of 2nd period - Puck is out of play.
3:21 of 2nd period - Max Domi wins face-off versus Greg Stewart in Oilers zone.
3:22 of 2nd period - Wrist shot by Nino Niederreiter.
3:22 of 2nd period - Stopped by Carter Hart without a rebound.
3:23 of 2nd period - Greg Stewart wins face-off versus Max Domi in Oilers zone.
3:34 of 2nd period - Slapshot by Max Domi.
3:34 of 2nd period - Stopped by Carter Hart with a rebound.
3:36 of 2nd period - Slapshot by Dougie Hamilton.
3:36 of 2nd period - Stopped by Carter Hart without a rebound.
3:37 of 2nd period - Ryan Johansen wins face-off versus Greg Stewart in Oilers zone.
5:03 of 2nd period - Max Domi is hit by Jamie McBain.
6:02 of 2nd period - Troy Stetcher is hit by Jamie McBain and loses puck.
7:02 of 2nd period - Penalty to Tyler Johnson is over, Tyler Johnson is back on ice.
7:41 of 2nd period - Erik Cernak is hit by Darnell Nurse and loses puck.
9:04 of 2nd period - Off-side.
9:05 of 2nd period - Frederik Gauthier wins face-off versus Jeff Carter in neutral zone.
9:07 of 2nd period - Brent Seabrook is hit by Ryan Murray.
9:09 of 2nd period - Wrist shot by Jamie Benn.
9:09 of 2nd period - Deflect By Jeff Carter.
9:09 of 2nd period - Stopped by Jacob Markstrom without a rebound.
9:10 of 2nd period - Max Domi wins face-off versus Frederik Gauthier in Jets zone.
9:17 of 2nd period - Wrist shot by Max Domi.
9:17 of 2nd period - Shot Misses the Net.
9:19 of 2nd period - Slapshot by Troy Stetcher.
9:19 of 2nd period - Shot Misses the Net.
9:21 of 2nd period - Slapshot by Ryan Murray.
9:21 of 2nd period - Stopped by Carter Hart without a rebound.
9:22 of 2nd period - Ryan Johansen wins face-off versus Connor McDavid in Oilers zone.
9:23 of 2nd period - Slapshot by Alex Galchenyuk.
9:23 of 2nd period - Stopped by Carter Hart with a rebound.
9:31 of 2nd period - Snap shot by Tyler Seguin.
9:31 of 2nd period - Stopped by Carter Hart with a rebound.
9:45 of 2nd period - Minor Penalty to Connor McDavid for Slashing.
9:46 of 2nd period - Ryan Johansen wins face-off versus Tyler Johnson in Oilers zone.
9:47 of 2nd period - Backhand shot by Tyler Seguin.
9:47 of 2nd period - Stopped by Carter Hart without a rebound.
9:48 of 2nd period - Tyler Johnson wins face-off versus Ryan Johansen in Oilers zone.
10:03 of 2nd period - Snap shot by Ryan Johansen.
10:03 of 2nd period - Deflect By Jamie McBain.
10:03 of 2nd period - Stopped by Carter Hart with a rebound.
10:05 of 2nd period - Snap shot by Alex Galchenyuk.
10:05 of 2nd period - Shot Misses the Net.
10:23 of 2nd period - Slapshot by Dougie Hamilton.
10:23 of 2nd period - Goal by Dougie Hamilton - Jets : 2 - Oilers : 0.
10:24 of 2nd period - Ryan Johansen wins face-off versus Connor McDavid in neutral zone.
10:42 of 2nd period - Minor Penalty to Connor McDavid for Roughing.
10:43 of 2nd period - Tyler Johnson wins face-off versus Alex Galchenyuk in Oilers zone.
10:58 of 2nd period - Snap shot by Leon Draisaitl.
10:58 of 2nd period - Shot Misses the Net.
11:00 of 2nd period - Wrist shot by Jamie McBain.
11:00 of 2nd period - Stopped by Jacob Markstrom without a rebound.
11:01 of 2nd period - Max Domi wins face-off versus Tyler Johnson in Jets zone.
11:11 of 2nd period - Icing by Nino Niederreiter.
11:12 of 2nd period - Max Domi wins face-off versus Tyler Johnson in Jets zone.
11:30 of 2nd period - Off-side.
11:31 of 2nd period - Ryan Johansen wins face-off versus Noel Acciari in neutral zone.
11:38 of 2nd period - Off-side.
11:39 of 2nd period - Ryan Johansen wins face-off versus Tyler Johnson in neutral zone.
12:00 of 2nd period - Snap shot by Tyler Seguin.
12:00 of 2nd period - Goal by Tyler Seguin - Jets : 3 - Oilers : 0.
12:01 of 2nd period - Ryan Johansen wins face-off versus Connor McDavid in neutral zone.
12:10 of 2nd period - Slapshot by Ryan Johansen.
12:10 of 2nd period - Stopped by Carter Hart with a rebound.
12:12 of 2nd period - Wrist shot by Dougie Hamilton.
12:12 of 2nd period - Shot Misses the Net.
12:14 of 2nd period - Slapshot by Adam Larsson.
12:14 of 2nd period - Stopped by Carter Hart with a rebound.
12:16 of 2nd period - Wrist shot by Alex Galchenyuk.
12:16 of 2nd period - Shot Misses the Net.
12:18 of 2nd period - Backhand shot by Ryan Johansen.
12:18 of 2nd period - Shot Blocked by Adam Gaudette.
12:36 of 2nd period - Backhand shot by Tyler Toffoli.
12:36 of 2nd period - Stopped by Carter Hart without a rebound.
12:37 of 2nd period - Ryan Johansen wins face-off versus Tyler Johnson in Oilers zone.
12:38 of 2nd period - Snap shot by Tyler Seguin.
12:38 of 2nd period - Stopped by Carter Hart with a rebound.
12:49 of 2nd period - Minor Penalty to Brent Seabrook for Interference.
12:50 of 2nd period - Tyler Johnson wins face-off versus Ryan Johansen in Oilers zone.
13:18 of 2nd period - Greg Stewart is hit by Nino Niederreiter and loses puck.
14:49 of 2nd period - Penalty to Brent Seabrook is over, Brent Seabrook is back on ice.
15:03 of 2nd period - Brent Seabrook is hit by Jeff Carter and loses puck.
15:43 of 2nd period - Troy Stetcher is hit by Jamie Benn and loses puck.
15:50 of 2nd period - Troy Stetcher is hit by Frederik Gauthier and loses puck.
16:03 of 2nd period - Connor McDavid is hit by Ryan Murray and loses puck.
16:42 of 2nd period - Ryan Murray is hit by Darnell Nurse and loses puck.
17:15 of 2nd period - Erik Cernak is hit by Brent Seabrook and loses puck.
17:27 of 2nd period - Greg Stewart is hit by Jeff Carter and loses puck.
17:38 of 2nd period - Sam Reinhart is hit by Adam Gaudette.
18:05 of 2nd period - Snap shot by Max Domi.
18:05 of 2nd period - Shot Blocked by Jason Robertson.
18:42 of 2nd period - Jeff Carter is hit by Connor McDavid and loses puck.
19:47 of 2nd period - Sam Reinhart is hit by Leon Draisaitl and loses puck.
Goals for this period are 2 for Jets vs 0 for Oilers.
Shots for this period are 16 for Jets vs 3 for Oilers.
3rd period
0:01 of 3rd period - Connor McDavid wins face-off versus Ryan Johansen in neutral zone.
0:10 of 3rd period - Snap shot by Leon Draisaitl.
0:10 of 3rd period - Stopped by Jacob Markstrom without a rebound.
0:11 of 3rd period - Ryan Johansen wins face-off versus Adam Gaudette in Jets zone.
0:18 of 3rd period - Snap shot by Connor McDavid.
0:18 of 3rd period - Shot Blocked by Tyler Seguin.
0:38 of 3rd period - Nino Niederreiter is hit by Christian Fischer and loses puck.
0:52 of 3rd period - Minor Penalty to Ryan Murray for Diving.
0:53 of 3rd period - Tyler Seguin wins face-off versus Connor McDavid in Jets zone.
1:08 of 3rd period - Wrist shot by Mitch Marner.
1:08 of 3rd period - Stopped by Jacob Markstrom with a rebound.
1:10 of 3rd period - Snap shot by Mitch Marner.
1:10 of 3rd period - Shot Misses the Net.
2:39 of 3rd period - Troy Stetcher is hit by Adam Gaudette and loses puck.
2:52 of 3rd period - Penalty to Ryan Murray is over, Ryan Murray is back on ice.
3:08 of 3rd period - Off-side.
3:09 of 3rd period - Jeff Carter wins face-off versus Noel Acciari in neutral zone.
3:13 of 3rd period - Troy Stetcher is hit by Brent Burns.
3:21 of 3rd period - Snap shot by Kyle Connor.
3:21 of 3rd period - Goal by Kyle Connor - Jets : 4 - Oilers : 0.
3:22 of 3rd period - Connor McDavid wins face-off versus Ryan Johansen in neutral zone.
3:27 of 3rd period - Wrist shot by Connor McDavid.
3:27 of 3rd period - Shot Misses the Net.
3:29 of 3rd period - Snap shot by Leon Draisaitl.
3:29 of 3rd period - Shot Misses the Net.
3:31 of 3rd period - Wrist shot by Adam Gaudette.
3:31 of 3rd period - Shot Misses the Net.
3:33 of 3rd period - Slapshot by Leon Draisaitl.
3:33 of 3rd period - Shot Misses the Net.
3:35 of 3rd period - Snap shot by Leon Draisaitl.
3:35 of 3rd period - Stopped by Jacob Markstrom with a rebound.
3:49 of 3rd period - Snap shot by Tyler Johnson.
3:49 of 3rd period - Stopped by Jacob Markstrom without a rebound.
3:50 of 3rd period - Mitch Marner wins face-off versus Max Domi in Jets zone.
3:51 of 3rd period - Wrist shot by Tyler Johnson.
3:51 of 3rd period - Shot Misses the Net.
3:53 of 3rd period - Snap shot by Tyler Johnson.
3:53 of 3rd period - Goal by Tyler Johnson - Jets : 4 - Oilers : 1.
3:54 of 3rd period - Connor McDavid wins face-off versus Ryan Johansen in neutral zone.
5:46 of 3rd period - Icing by Jason Robertson.
5:47 of 3rd period - Frederik Gauthier wins face-off versus Max Domi in Oilers zone.
5:54 of 3rd period - Wrist shot by Christian Fischer.
5:54 of 3rd period - Stopped by Jacob Markstrom with a rebound.
5:56 of 3rd period - Snap shot by Jamie Benn.
5:56 of 3rd period - Deflect By Frederik Gauthier.
5:56 of 3rd period - Shot Misses the Net.
5:56 of 3rd period - Puck is out of play.
5:57 of 3rd period - Connor McDavid wins face-off versus Ryan Johansen in Jets zone.
5:58 of 3rd period - Slapshot by Leon Draisaitl.
5:58 of 3rd period - Shot Blocked by Alex Galchenyuk.
6:04 of 3rd period - Slapshot by Adam Larsson.
6:04 of 3rd period - Deflect By Tyler Seguin.
6:04 of 3rd period - Stopped by Carter Hart without a rebound.
6:05 of 3rd period - Connor McDavid wins face-off versus Ryan Johansen in Oilers zone.
6:38 of 3rd period - Off-side.
6:39 of 3rd period - Tyler Johnson wins face-off versus Max Domi in neutral zone.
6:42 of 3rd period - Slapshot by Marcus Pettersson.
6:42 of 3rd period - Shot Misses the Net.
6:44 of 3rd period - Wrist shot by Jason Robertson.
6:44 of 3rd period - Shot Misses the Net.
6:46 of 3rd period - Snap shot by Tyler Johnson.
6:46 of 3rd period - Goal by Tyler Johnson - Jets : 4 - Oilers : 2.
6:47 of 3rd period - Ryan Johansen wins face-off versus Connor McDavid in neutral zone.
7:40 of 3rd period - Wrist shot by Dylan Strome.
7:40 of 3rd period - Deflect By Sam Reinhart.
7:40 of 3rd period - Shot Misses the Net.
7:40 of 3rd period - Puck is out of play.
7:41 of 3rd period - Frederik Gauthier wins face-off versus Dylan Strome in Oilers zone.
7:46 of 3rd period - Slapshot by Brent Seabrook.
7:46 of 3rd period - Shot Misses the Net.
8:14 of 3rd period - Wrist shot by Jamie McBain.
8:14 of 3rd period - Deflect By Leon Draisaitl.
8:14 of 3rd period - Stopped by Jacob Markstrom with a rebound.
8:16 of 3rd period - Snap shot by Jamie McBain.
8:16 of 3rd period - Shot Misses the Net.
8:18 of 3rd period - Slapshot by Connor McDavid.
8:18 of 3rd period - Shot Misses the Net.
8:20 of 3rd period - Wrist shot by Brent Seabrook.
8:20 of 3rd period - Stopped by Jacob Markstrom with a rebound.
8:29 of 3rd period - Minor Penalty to Troy Stetcher for Tripping.
8:30 of 3rd period - Tyler Seguin wins face-off versus Connor McDavid in Jets zone.
8:47 of 3rd period - Snap shot by Tyler Seguin.
8:47 of 3rd period - Stopped by Carter Hart with a rebound.
8:57 of 3rd period - Jamie McBain is hit by Anthony Mantha.
10:29 of 3rd period - Penalty to Troy Stetcher is over, Troy Stetcher is back on ice.
11:31 of 3rd period - Off-side.
11:32 of 3rd period - Ryan Johansen wins face-off versus Connor McDavid in neutral zone.
11:59 of 3rd period - Tyler Toffoli is hit by Tyler Johnson.
12:43 of 3rd period - Off-side.
12:44 of 3rd period - Connor McDavid wins face-off versus Ryan Johansen in neutral zone.
13:06 of 3rd period - Alex Galchenyuk is hit by Connor McDavid and loses puck.
13:54 of 3rd period - Snap shot by Alex Galchenyuk.
13:54 of 3rd period - Shot Hit the Post.
13:56 of 3rd period - Snap shot by Ryan Johansen.
13:56 of 3rd period - Stopped by Carter Hart without a rebound.
13:57 of 3rd period - Tyler Johnson wins face-off versus Nino Niederreiter in Oilers zone.
13:57 of 3rd period - Tyler Johnson is hit by Max Domi.
14:23 of 3rd period - Adam Larsson is hit by Jamie Benn and loses puck.
14:46 of 3rd period - Slapshot by Noel Acciari.
14:46 of 3rd period - Shot Blocked by Adam Larsson.
14:48 of 3rd period - Snap shot by Noel Acciari.
14:48 of 3rd period - Goal by Noel Acciari - Jets : 4 - Oilers : 3.
14:49 of 3rd period - Max Domi wins face-off versus Tyler Johnson in neutral zone.
15:16 of 3rd period - Christian Fischer is hit by Anthony Mantha and loses puck.
15:43 of 3rd period - Snap shot by Jeff Carter.
15:43 of 3rd period - Goal by Jeff Carter - Jets : 5 - Oilers : 3.
15:44 of 3rd period - Dylan Strome wins face-off versus Connor McDavid in neutral zone.
16:11 of 3rd period - Jamie McBain is hit by Adam Larsson and loses puck.
16:18 of 3rd period - Slapshot by Marcus Pettersson.
16:18 of 3rd period - Stopped by Jacob Markstrom with a rebound.
16:20 of 3rd period - Slapshot by Frederik Gauthier.
16:20 of 3rd period - Stopped by Jacob Markstrom without a rebound.
16:21 of 3rd period - Ryan Johansen wins face-off versus Connor McDavid in Jets zone.
16:32 of 3rd period - Snap shot by Leon Draisaitl.
16:32 of 3rd period - Stopped by Jacob Markstrom with a rebound.
16:44 of 3rd period - Minor Penalty to Adam Gaudette for Slashing.
16:45 of 3rd period - Tyler Johnson wins face-off versus Ryan Johansen in Oilers zone.
17:00 of 3rd period - Leon Draisaitl is hit by Anthony Mantha.
17:12 of 3rd period - Tyler Johnson is hit by Max Domi and loses puck.
17:47 of 3rd period - Wrist shot by Greg Stewart.
17:47 of 3rd period - Shot Misses the Net.
17:49 of 3rd period - Snap shot by Greg Stewart.
17:49 of 3rd period - Shot Hit the Post.
17:51 of 3rd period - Slapshot by Brent Seabrook.
17:51 of 3rd period - Deflect By Greg Stewart.
17:51 of 3rd period - Shot Hit the Post.
17:51 of 3rd period - Puck is out of play.
17:52 of 3rd period - Noel Acciari wins face-off versus Max Domi in Jets zone.
18:44 of 3rd period - Penalty to Adam Gaudette is over, Adam Gaudette is back on ice.
19:16 of 3rd period - Slapshot by Marcus Pettersson.
19:16 of 3rd period - Stopped by Jacob Markstrom with a rebound.
19:49 of 3rd period - Mirco Mueller is hit by Jamie Benn and loses puck.
Goals for this period are 2 for Jets vs 3 for Oilers.
Shots for this period are 5 for Jets vs 14 for Oilers.